[Event "Late-Titled-Tuesday-Blitz-January-16-2024"]
[Site "Chess.com"]
[Date "2024.01.16"]
[Round "6"]
[White "jmpion"]
[Black "AlexLongson"]
[Result "1-0"]
[WhiteElo "2527"]
[BlackElo "2333"]
[TimeControl "180+1"]
[EndTime "15:03:55 PST"]
[Termination "jmpion won by checkmate"]

1. e4 e5 2. Nf3 Nc6 3. Bb5 a6 4. Ba4 Nf6 5. d3 b5 6. Bb3 Be7 7. O-O O-O 8. a4 Bb7 9. Na3 b4 10. Nc4 d6 11. a5 h6 12. Re1 Nb8 13. Ne3 Re8 14. Nf5 Bf8 15. N3h4 Nbd7 16. Re3 Nc5 17. Rg3 Nxb3 18. Nxh6+ Kh7 19. Nxf7 Nxa1 20. Nxd8 Raxd8 21. Bg5 Be7 22. Qxa1 Nh5 23. Bxe7 Rxe7 24. Rg5 Nf4 25.
Nf5 Rf7 26. Qd1 Bc8 27. Qg4 Bxf5 28. exf5 Rdf8 29. f6 Rxf6 30. Rxg7+ Kh8 31. Rg5 R8f7 32. Qc8+ Rf8 33. Qxc7 Ne2+ 34. Kh1 R6f7 35. Qxd6 Rf6 36. Qxe5 Kh7 37. Qxe2 Rxf2 38. Qh5# 1-0

[Event "Late-Titled-Tuesday-Blitz-January-16-2024"]
[Site "Chess.com"]
[Date "2024.01.16"]
[Round "6"]
[White "vugarrasulov"]
[Black "ChessBrainiacOnTwitch"]
[Result "1-0"]
[WhiteElo "2973"]
[BlackElo "2803"]
[TimeControl "180+1"]
[EndTime "15:03:56 PST"]
[Termination "vugarrasulov won by checkmate"]

1. d4 Nf6 2. c4 g6 3. Nc3 Bg7 4. e4 O-O 5. h3 d6 6. Be3 a6 7.
Nf3 Nbd7 8. Be2 c5 9. O-O Qa5 10. e5 Ne8 11. exd6 Nxd6 12. Nd5 Nf5 13. Bd2 Qd8 14.
dxc5 Nxc5 15. Bb4 b6 16. Bc3 Bb7 17. Bxg7 Kxg7 18. b4 Ne4 19. Qd3 e6 20. Qxe4 exd5 21. cxd5 Qxd5 22. Qf4 Rfe8 23. Rfd1 Qe4 24. Qxe4 Rxe4 25.
Rd7 Bc6 26. Rc7 Bd5 27. Bd3 Rxb4 28. Bxf5 gxf5 29. Ne5 Be6 30. Rd1 Re4 31. Nf3 Rc8 32. Ra7 Ra4 33. Rd6 Rxa2 34. Rxe6 Rc1+ 35. Kh2 Rxf2 36. Ng5 Rc8 37. Rxf7+ Kg8 38. Ree7 h6 39.
Rg7+ Kh8 40. Rh7+ Kg8 41. Reg7+ Kf8 42. Ne6+ Ke8 43. Rh8# 1-0

[Event "Late-Titled-Tuesday-Blitz-January-16-2024"]
[Site "Chess.com"]
[Date "2024.01.16"]
[Round "6"]
[White "Rdeux42"]
[Black "pirulillo"]
[Result "0-1"]
[WhiteElo "2456"]
[BlackElo "2280"]
[TimeControl "180+1"]
[EndTime "15:03:56 PST"]
[Termination "pirulillo won on time"]

1. e4 c5 2. Nf3 e6 3. d4 cxd4 4. Nxd4 Nf6 5. Nc3 Nc6 6. Nxc6 bxc6 7. Bd3 e5 8. O-O Bc5 9. Kh1 d6 10. h3 Qe7 11. f4 exf4 12. Bxf4 Nd7 13. Qe2 Ne5 14.
Rad1 O-O 15. Be3 Bxe3 16. Qxe3 Be6 17. Ne2 Rab8 18. b3 a5 19. Nd4 a4 20. Nf5 Bxf5 21.
Rxf5 axb3 22. axb3 c5 23. Rdf1 Rb4 24. Qg3 Qa7 25. Rf6 Rb6 26. h4 Nxd3 27. cxd3 Rxb3 28. Rxd6 c4 29. e5 c3 30. e6 c2 31. exf7+ Kh8 32. Rc6 Rb1 33. Re1 Qe7 34. Rxc2 Rxe1+ 35. Kh2 Re3 0-1

[Event "Late-Titled-Tuesday-Blitz-January-16-2024"]
[Site "Chess.com"]
[Date "2024.01.16"]
[Round "6"]
[White "vova-79"]
[Black "Eloist"]
[Result "1/2-1/2"]
[WhiteElo "2593"]
[BlackElo "2433"]
[TimeControl "180+1"]
[EndTime "15:03:58 PST"]
[Termination "Game drawn by repetition"]

1. d4 e6 2. c4 Nf6 3. Nc3 Bb4 4.
e3 O-O 5. Ne2 c6 6. a3 Ba5 7.
Qc2 d5 8. Ng3 Nbd7 9. Be2 e5 10.
O-O e4 11. b4 Bc7 12. cxd5 cxd5 13. Bd2 Nb6 14. Rac1 Bg4 15. Bxg4 Nxg4 16. Ncxe4 Nc4 17.
h3 Ngxe3 18. Bxe3 Rc8 19. Qe2 Nxe3 20. fxe3 dxe4 21. Nxe4 Re8 22. Qf3 Qe7 23. Nc5 Qxe3+ 24. Qxe3 Rxe3 25. Nxb7 Ree8 26. Nc5 Rcd8 27. Rcd1 Bg3 28.
Rf3 Bh4 29. d5 Rd6 30. Rfd3 Re5 31. g3 Bd8 32. Kg2 Bb6 33. Kf3 Kf8 34. Ne4 Rd8 35. d6 Rf5+ 36. Kg2 Re5 37. Kf3 Rf5+ 38. Kg2 Re5 39.
Kf3 1/2-1/2

[Event "Late-Titled-Tuesday-Blitz-January-16-2024"]
[Site "Chess.com"]
[Date "2024.01.16"]
[Round "6"]
[White "Ekko_li"]
[Black "anasta10"]
[Result "1-0"]
[WhiteElo "2707"]
[BlackElo "2533"]
[TimeControl "180+1"]
[EndTime "15:04:00 PST"]
[Termination "Ekko_li won by resignation"]

1. d4 Nf6 2. Nf3 g6 3. Bg5 Bg7 4. Nbd2 d5 5. e3 O-O 6. c4 dxc4 7. Bxc4 b6 8. O-O Bb7 9. Rc1 Nbd7 10. Qe2 c5 11.
Rfd1 Rc8 12. Ba6 Qc7 13. Nb3 Qb8 14. Bf4 Qa8 15. Bxb7 Qxb7 16. dxc5 Nxc5 17. Nxc5 Rxc5 18. Rxc5 bxc5 19. Be5 Rc8 20. Qc4 Ne8 21. Bxg7 Kxg7 22. b3 Nd6 23. Qh4 f6 24. Rc1 Qd5 25. h3 c4 26.
bxc4 Rxc4 27. Rxc4 Nxc4 28. Nd4 Nd6 29. a4 a5 30. Qg4 Kf7 31. Qd7 Qc4 32. Nc6 Qe4 33.
Nxa5 Nf5 34. Nc6 Kg7 35. a5 Kh6 36. a6 Nh4 37. Qg4 Qxc6 38. Qxh4+ Kg7 39. a7 Qc1+ 40.
Kh2 Qa3 41. Qd4 h5 42. Qb6 Kf7 43. Qc7 Qa6 44. Qb8 1-0

[Event "Late-Titled-Tuesday-Blitz-January-16-2024"]
[Site "Chess.com"]
[Date "2024.01.16"]
[Round "6"]
[White "sebastianmarinp"]
[Black "APOKALIPSA13"]
[Result "0-1"]
[WhiteElo "2420"]
[BlackElo "2177"]
[TimeControl "180+1"]
[EndTime "15:04:01 PST"]
[Termination "APOKALIPSA13 won by resignation"]

1. d4 e5 2. dxe5 Nc6 3. Nf3 Qe7 4. Nc3 Nxe5 5. Nd4 c6 6. e4 d5 7. Be2 dxe4 8. Nxe4 Nf6 9. Ng3 Qb4+ 10. c3 Qb6 11.
O-O Be7 12. Ndf5 Qc7 13. Nxg7+ Kf8 14. Bh6 Kg8 15. N7f5 Bf8 16. Bxf8 Kxf8 17. Qd4 h5 18. f4 Ned7 19. Kh1 c5 20. Qd1 h4 21. Nh5 Nxh5 22.
Bxh5 Nf6 23. Bg4 Nxg4 24. Qxg4 Rg8 25. Qh5 Qc6 26. Ne3 Be6 27. Rad1 Re8 28. f5 Bc4 29.
Qf3 Rxe3 30. Qxc6 bxc6 31. Rd8+ Re8 32. Rxe8+ Kxe8 33. Re1+ Kd7 34. Re4 Bd5 35. Rxh4 Rxg2 36. c4 Rg4+ 0-1

[Event "Late-Titled-Tuesday-Blitz-January-16-2024"]
[Site "Chess.com"]
[Date "2024.01.16"]
[Round "6"]
[White "finec2"]
[Black "ZuraTqebuchava"]
[Result "1-0"]
[WhiteElo "2278"]
[BlackElo "2134"]
[TimeControl "180+1"]
[EndTime "15:04:01 PST"]
[Termination "finec2 won on time"]

1. e4 e5 2. Nf3 Nc6 3. Bc4 Be7 4. O-O Nf6 5. d3 O-O 6. Re1 h6 7. Nbd2 d6 8. c3 Bg4 9. Bb3 Na5 10. Bc2 c5 11.
Nf1 b5 12. Ng3 b4 13. h3 Be6 14. d4 cxd4 15. cxd4 Qc7 16. d5 Bd7 17. Bd3 a6 18. Bd2 Qb6 19. b3 Rac8 20. Qe2 Ra8 21. Rec1 Nb7 22. Be3 Nc5 23. Bxc5 dxc5 24. Nxe5 Bd6 25.
Nc4 Qb8 26. Nxd6 Qxd6 27. Bxa6 Qe5 28. Bd3 Rfe8 29. Rab1 Qd4 30. Rc4 Qe5 31. Rxc5 h5 32. h4 Ng4 33. Rc4 Qe7 34. Qd2 Qxh4 35. Nf1 Bb5 36. Rd4 Bxd3 37. Rxd3 Rxe4 38. Rh3 Qe7 39. Rxh5 Re2 40. Qd3 Raxa2 41. Qh7+ 1-0

[Event "Late-Titled-Tuesday-Blitz-January-16-2024"]
[Site "Chess.com"]
[Date "2024.01.16"]
[Round "6"]
[White "masnyszachistaaa"]
[Black "Too_Stupid_To_Play"]
[Result "1-0"]
[WhiteElo "2519"]
[BlackElo "2310"]
[TimeControl "180+1"]
[EndTime "15:04:02 PST"]
[Termination "masnyszachistaaa won on time"]

1. f4 g6 2. e4 Bg7 3. d4 d5 4. e5 Nh6 5. Nf3 Nf5 6. Be2 h5 7.
O-O O-O 8. c3 Re8 9. Na3 a6 10.
Nc2 b5 11. a4 bxa4 12. Rxa4 Bd7 13. Ra1 Bc6 14. b4 Qd7 15. Na3 e6 16. Bd2 Ba4 17. Qb1 Nc6 18. Ne1 Reb8 19. Nd3 Bf8 20. Qc1 Na7 21.
Nc5 Bxc5 22. bxc5 Nb5 23. Nc2 Bxc2 24. Qxc2 a5 25. Rfb1 c6 26. Ra4 Ra7 27. Rba1 Qc7 28. Qa2 Rba8 29. g3 Kf8 30. Kg2 Ke7 31. Bd3 Kd7 32. Qc2 Qd8 33. h3 Qe7 34. Qa2 Qd8 35.
Qb2 Rb8 36. Qc1 Qc7 37. Be1 Rh8 38. Bf2 Rg8 39. c4 dxc4 40. Bxc4 Ke7 41. Qd2 Rga8 42. Qd3 Qb7 43. Rb1 Rb8 44. Qd2 Ke8 45. Rxa5 Rxa5 46.
Qxa5 1-0

[Event "Late-Titled-Tuesday-Blitz-January-16-2024"]
[Site "Chess.com"]
[Date "2024.01.16"]
[Round "6"]
[White "iwanyu"]
[Black "jcibarra"]
[Result "1-0"]
[WhiteElo "2685"]
[BlackElo "2869"]
[TimeControl "180+1"]
[EndTime "15:04:04 PST"]
[Termination "iwanyu won on time"]

1. d4 d6 2. Nf3 Nf6 3. g3 Nbd7 4. c4 e5 5. Nc3 c6 6. e4 Be7 7. Bg2 O-O 8. O-O a6 9. h3 b5 10. c5 Qc7 11. cxd6 Bxd6 12. Bg5 h6 13. dxe5 Bxe5 14. Nxe5 Nxe5 15. Bf4 Re8 16. Rc1 Qe7 17. Bxe5 Qxe5 18. f4 Qc5+ 19. Kh2 Be6 20. e5 Nd7 21. Ne4 Qb4 22. Nd6 Red8 23. b3 Qa5 24. Qe2 Rab8 25. f5 Bd5 26. Bxd5 cxd5 27. e6 Nf6 28. Nxf7 Re8 29. Rc2 b4 30. Qe5 Rbc8 31. Rfc1 Rxc2+ 32. Rxc2 Qb5 33. Nxh6+ Kh7 34. Nf7 Qd3 35. Rg2 Rc8 36.
e7 Qc3 37. Ng5+ Kh8 38. Qe6 Qc6 39. Nf7+ Kh7 40. Nd6 Rb8 41. g4 d4 42. g5 d3 43.
gxf6 1-0

[Event "Late-Titled-Tuesday-Blitz-January-16-2024"]
[Site "Chess.com"]
[Date "2024.01.16"]
[Round "6"]
[White "SchmakAttack"]
[Black "Bauman_Guy"]
[Result "1-0"]
[WhiteElo "2745"]
[BlackElo "2897"]
[TimeControl "180+1"]
[EndTime "15:04:06 PST"]
[Termination "SchmakAttack won by checkmate"]

1. e4 c5 2. Nf3 d6 3. d4 Nf6 4.
Nc3 cxd4 5. Nxd4 a6 6. Bg5 Nbd7 7. Qe2 h6 8. Bh4 g6 9. f4 e5 10. fxe5 dxe5 11. Nb3 Qc7 12. Qf3 Bg7 13. Be2 b5 14. O-O Bb7 15. Rad1 O-O 16. a3 Rac8 17. Rd2 Qb6+ 18.
Bf2 Qe6 19. Nd5 Nxd5 20. exd5 Qd6 21. Na5 Ba8 22. c4 Nf6 23. b4 Qd7 24. Rfd1 bxc4 25. Nxc4 e4 26. Qe3 Nxd5 27. Rxd5 Bxd5 28. Nb6 Qe6 29.
Nxd5 Rc2 30. Nf4 Qa2 31. Qxe4 Rfc8 32. Bd4 Bxd4+ 33. Rxd4 Rc1+ 34. Kf2 Qxa3 35. Nxg6 Qc3 36. Ne7+ Kf8 37. Nxc8 Qe1+ 38. Kf3 Rc3+ 39. Rd3 Rxc8 40. Qe5 Rc6 41. Rd8# 1-0

[Event "Late-Titled-Tuesday-Blitz-January-16-2024"]
[Site "Chess.com"]
[Date "2024.01.16"]
[Round "6"]
[White "Beca95"]
[Black "Russian_berezka"]
[Result "1-0"]
[WhiteElo "2946"]
[BlackElo "2590"]
[TimeControl "180+1"]
[EndTime "15:04:06 PST"]
[Termination "Beca95 won by resignation"]

1. e4 g6 2. d4 Bg7 3. Nc3 d5 4.
Nxd5 c6 5. Nf4 Qxd4 6. Qxd4 Bxd4 7. Nf3 Bg7 8. Bc4 e5 9. Nd3 f6 10. a4 Nh6 11. a5 Nf7 12. Nd2 Nd6 13. Bb3 Na6 14.
f3 Ke7 15. Nc4 Be6 16. Nxd6 Bxb3 17. Nxb7 Bxc2 18. Ndc5 Nxc5 19. Nxc5 Rab8 20. Kd2 Bb3 21. Kc3 Bf7 22. b3 Be6 23. Be3 Bc8 24. Rhd1 a6 25. Na4 Rd8 26. Bc5+ Ke8 27. Rxd8+ Kxd8 28. Rd1+ Ke8 29.
Bd6 Rb5 30. b4 f5 31. Nc5 fxe4 32. fxe4 Bf6 33. h3 Be7 34. g4 Bxd6 35. Rxd6 Rb8 36. Rxc6 Ke7 37. Nxa6 Ra8 38. Nc5 Ra7 39. a6 Bd7 40. Nxd7 Kxd7 41. b5 Ra8 42. Kb4 Rf8 43.
Rc3 Rf1 44. a7 Rb1+ 45. Rb3 Ra1 46. Ra3 Rxa3 47. Kxa3 Kc7 48. a8=Q Kb6 49. Qc6+ Ka7 50. Qc7+ Ka8 51. b6 1-0

[Event "Late-Titled-Tuesday-Blitz-January-16-2024"]
[Site "Chess.com"]
[Date "2024.01.16"]
[Round "6"]
[White "Byniolus"]
[Black "Harsha_Bharathakoti"]
[Result "1-0"]
[WhiteElo "2766"]
[BlackElo "2935"]
[TimeControl "180+1"]
[EndTime "15:04:07 PST"]
[Termination "Byniolus won by resignation"]

1. d4 Nf6 2. Nf3 c5 3. c3 e6 4. Bf4 cxd4 5. cxd4 Qb6 6. Qb3 Qxb3 7. axb3 Nc6 8. e3 Bb4+ 9. Nbd2 d5 10. Bd3 Nh5 11. Be5 f6 12. Bc7 Kd7 13. Bb6 g6 14. Ke2 Kd6 15.
Rhc1 e5 16. Bc5+ Bxc5 17. dxc5+ Kc7 18. Bb5 Bd7 19. g3 Ng7 20. e4 dxe4 21. Nxe4 Rhf8 22. Nd6 Nf5 23. Nxf5 Bxf5 24. Ke3 Rfd8 25. Ra4 a6 26. Bxc6 Kxc6 27. Rb4 Rd3+ 28. Ke2 Rad8 29. Rb6+ Kc7 30. Rxf6 Rxb3 31. Nxe5 Rxb2+ 32. Ke1 Re8 33. f4 Rxh2 34. Rf7+ Kc8 35. c6 Rh1+ 36. Kd2 Rd8+ 37. Rd7 Rxc1 38.
cxb7+ Kb8 39. Rxd8+ Kxb7 40. Kxc1 1-0

[Event "Late-Titled-Tuesday-Blitz-January-16-2024"]
[Site "Chess.com"]
[Date "2024.01.16"]
[Round "6"]
[White "aceontheturn"]
[Black "RuleOfTwo"]
[Result "1-0"]
[WhiteElo "2755"]
[BlackElo "2573"]
[TimeControl "180+1"]
[EndTime "15:04:07 PST"]
[Termination "aceontheturn won by resignation"]

1. d4 Nf6 2. c4 e6 3. Nc3 Bb4 4. e3 c5 5. Ne2 O-O 6. a3 Bxc3+ 7.
Nxc3 b6 8. d5 exd5 9. cxd5 d6 10. Be2 Bf5 11. O-O a6 12. f3 b5 13. e4 Bg6 14.
Bf4 Re8 15. Qd2 c4 16. Kh1 Qe7 17. Rae1 Nbd7 18. Be3 Ne5 19. f4 Nxe4 20. Nxe4 Bxe4 21. fxe5 Qxe5 22. Bf4 Qxd5 23. Qxd5 Bxd5 24. Bxd6 Rad8 25. Bb4 f6 26. Bf3 Kf7 27. Bxd5+ Rxd5 28. Rxe8 Kxe8 29. Re1+ Kf7 30. Kg1 Kg6 31. Kf2 Rf5+ 32. Ke3 Re5+ 33. Kd4 Rg5 34. g3 h5 35. Re6 h4 36. gxh4 Rg4+ 37. Kc5 Rxh4 38. Rxa6 Rxh2 39. Kxb5 Rxb2 40. Kxc4 Kf5 41. a4 g5 42. Bc3 Rh2 43. Rxf6+ Ke4 44. Re6+ Kf3 45. a5 g4 46. a6 g3 47. Rf6+ Ke2 48.
Rg6 Kf3 49. Rxg3+ Kf4 50. Rg7 Rh8 1-0

[Event "Late-Titled-Tuesday-Blitz-January-16-2024"]
[Site "Chess.com"]
[Date "2024.01.16"]
[Round "6"]
[White "RianKapriaga"]
[Black "C_K_G"]
[Result "1/2-1/2"]
[WhiteElo "2364"]
[BlackElo "2080"]
[TimeControl "180+1"]
[EndTime "15:04:07 PST"]
[Termination "Game drawn by repetition"]

1. d4 d5 2. Nf3 e6 3. Bf4 Nf6 4. e3 Bd6 5. Bg3 c5 6. Nbd2 Nc6 7. c3 c4 8. b3 b5 9. a4 b4 10. bxc4 bxc3 11. Nb3 dxc4 12. Bxc4 Bb4 13. O-O O-O 14. Qc2 Bb7 15. Rfd1 Na5 16. Be2 Be4 17. Bd3 Bxf3 18. gxf3 Rc8 19. Rdc1 h6 20. Kh1 Qd5 21. Nxa5 Qxf3+ 22. Kg1 Bxa5 23. Rab1 Nd5 24. Bh7+ Kh8 25. Be4 Qh5 26.
Rb5 Bc7 27. Qb3 Bxg3 28. hxg3 a6 29. Ra5 Rfd8 30. Bxd5 Rxd5 31. Rxd5 exd5 32. Rxc3 Rxc3 33. Qxc3 Qd1+ 34. Kg2 Qxa4 35. Qc8+ Kh7 36. Qf5+ Kg8 37. Qxd5 Qb5 38. Qxb5 axb5 39. Kf1 Kf8 40. Ke2 Ke7 41. Kd3 Kd6 42. Kc3 h5 43. f4 g6 44. e4 f6 45. e5+ fxe5 46. dxe5+ Kc5 47. Kb3 b4 48. Kb2 Kb5 49. Kc2 Kc5 50. Kd3 Kd5 51. Kc2 Kc5 52.
Kb2 Kc6 53. Kb3 Kb5 54. Kb2 Kc6 55. Kc2 Kc5 1/2-1/2

[Event "Late-Titled-Tuesday-Blitz-January-16-2024"]
[Site "Chess.com"]
[Date "2024.01.16"]
[Round "6"]
[White "vladislavkovalev"]
[Black "dropstoneDP"]
[Result "0-1"]
[WhiteElo "2839"]
[BlackElo "3012"]
[TimeControl "180+1"]
[EndTime "15:04:08 PST"]
[Termination "dropstoneDP won by resignation"]

1. e4 e5 2. Nf3 Nf6 3. Nxe5 d6 4. Nf3 Nxe4 5. d4 d5 6. Bd3 Bd6 7. O-O O-O 8. Nbd2 Bf5 9. Re1 Re8 10. Nf1 c6 11.
Ng3 Bg6 12. Ne5 Bxe5 13. dxe5 Nd7 14. Nxe4 dxe4 15. Bxe4 Nxe5 16. Bf4 Qf6 17. Bxe5 Rxe5 18. Bxg6 hxg6 19. c3 Rae8 20. Qd2 g5 21. h3 Qf4 22. Rxe5 Qxe5 23. Rd1 g6 24. Qd7 Re7 25. Qd8+ Kg7 26. Qd4 Qxd4 27. Rxd4 Re1+ 28. Kh2 Re2 29. Rb4 b5 30. Kg3 a5 31. Rb3 a4 32. Rb4 a3 33.
bxa3 Rxa2 34. Rb3 Kf6 35. c4 bxc4 36. Rc3 Ke5 37. Rxc4 Rxa3+ 38. Kg4 Kd5 39. Rc2 f6 40. g3 Ra4+ 41. f4 gxf4 42. gxf4 g5 43. Rf2 Rxf4+ 44.
Rxf4 gxf4 45. Kxf4 Ke6 46. h4 Kf7 47. h5 Kg7 48.
Kf5 c5 49. Ke4 Kh6 0-1

[Event "Late-Titled-Tuesday-Blitz-January-16-2024"]
[Site "Chess.com"]
[Date "2024.01.16"]
[Round "6"]
[White "babero_gordo"]
[Black "JaackCamel"]
[Result "0-1"]
[WhiteElo "1952"]
[BlackElo "2145"]
[TimeControl "180+1"]
[EndTime "15:04:08 PST"]
[Termination "JaackCamel won by resignation"]

1. e4 e6 2. d4 d5 3. e5 c5 4.
c3 Nc6 5. Nf3 Qb6 6. Bd3 cxd4 7.
O-O Bd7 8. Re1 Nge7 9. h4 Rc8 10.
Ng5 h6 11. Nh7 a6 12. Qf3 Nd8 13. Bxh6 Rxh7 14. Bxh7 gxh6 15. cxd4 Qxd4 16. Nc3 Nec6 17. Rad1 Qxh4 18. Rxd5 exd5 19. Nxd5 Be6 20. Nf6+ Ke7 21. Ng8+ Kd7 22. Rd1+ Kc7 23. Nf6 Qa4 24. Qd3 Nxe5 25. Qc3+ Nec6 26. Rc1 Kb8 27. Be4 Bb4 28. Qg3+ Ka8 29.
Qe3 Qb5 30. Bd3 Qe5 31. Qf3 Bd6 32. Ng4 Qf4 33. Nh2 Qxc1+ 34. Bf1 Bxh2+ 35. Kxh2 Qxf1 36. Qe3 Qc4 37. Qg3 Qxa2 38. Qe3 Qxb2 39. g3 Qb5 40. Qf4 Qd5 41. Qe3 Qc4 42. Qf4 Qxf4 43. gxf4 Bf5 44.
Kg3 Ne6 45. Kf3 Ng7 46. Ke3 Rd8 47. Ke2 Kb8 0-1

[Event "Late-Titled-Tuesday-Blitz-January-16-2024"]
[Site "Chess.com"]
[Date "2024.01.16"]
[Round "6"]
[White "FrenchHarvey"]
[Black "Fh2411"]
[Result "0-1"]
[WhiteElo "2783"]
[BlackElo "2610"]
[TimeControl "180+1"]
[EndTime "15:04:09 PST"]
[Termination "Fh2411 won by resignation"]

1. e4 c6 2. Nc3 d5 3. Nf3 dxe4 4. Nxe4 Nf6 5. Qe2 Nxe4 6. Qxe4 Qa5 7. Bc4 Bf5 8. Qf4 e6 9. O-O Be7 10. Nd4 Bg6 11.
Bxe6 O-O 12. Bb3 Nd7 13. d3 Nc5 14. Bd2 Qd8 15. Nf5 Bf6 16. Bc3 Bxc3 17. bxc3 Qd7 18.
Ne3 b5 19. Qe5 Nb7 20. a4 a6 21. axb5 axb5 22. h4 h5 23. Qg3 Kh7 24. f4 Bf5 25.
Qg5 Bg4 26. Nxg4 Qxg4 27. Qxg4 hxg4 28. Rxa8 Rxa8 29. Bxf7 Ra3 30. c4 b4 31. Kh2 Rc3 32. Rf2 Nc5 33. Kg3 b3 34. cxb3 Nxd3 35. Be6 Nxf2+ 36.
Kxf2 g3+ 37. Ke2 Rxb3 38. c5 Rc3 39. h5 Kh6 40. Bf7 Rxc5 41. Kf3 Rc3+ 42. Kg4 c5 43.
Bd5 Rd3 44. Bc4 Rd4 45. Bf7 c4 46. Kxg3 c3 47. Bg6 Rd2 48. Kh3 c2 49. g4 Rd5 50.
Kh4 c1=Q 51. g5+ Rxg5 52. fxg5+ Qxg5+ 53. Kh3 Qf4 54. Kg2 Kg5 55. Kh3 Qf3+ 56. Kh2 Kh4 57. h6 gxh6 0-1

[Event "Late-Titled-Tuesday-Blitz-January-16-2024"]
[Site "Chess.com"]
[Date "2024.01.16"]
[Round "6"]
[White "Perecke"]
[Black "Arifarsky"]
[Result "0-1"]
[WhiteElo "2547"]
[BlackElo "2717"]
[TimeControl "180+1"]
[EndTime "15:04:09 PST"]
[Termination "Arifarsky won by resignation"]

1. e4 c5 2. Nf3 Nc6 3. d4 cxd4 4. Nxd4 g6 5. c4 Bg7 6. Be3 Nf6 7. Nc3 O-O 8. Be2 d6 9. O-O Nxd4 10. Bxd4 Be6 11. f4 Rc8 12. b3 Qa5 13. f5 Bd7 14. fxg6 fxg6 15. Nd5 Nxd5 16. Rxf8+ Rxf8 17. exd5 Rf4 18. Bxg7 Kxg7 19. Bf3 Qc5+ 20. Kh1 a5 21. Qe2 Rf7 22. a4 Qd4 23. Rd1 Qc3 24. Qd3 Qxd3 25. Rxd3 Bf5 26. Re3 h5 27. h3 Kf6 28. Kh2 h4 29. Be4 Bd7 30. g4 Kg5 31. Kg2 Rf4 32. Bd3 Kf6 33. Rf3 Rxf3 34. Kxf3 g5 35. Ke4 Be8 36.
Kd4 b6 37. Kc3 Ke5 38. Bc2 Kf4 39. b4 Kg3 40. bxa5 bxa5 41. c5 dxc5 42. Kc4 Kxh3 43. Kxc5 Kxg4 44. Kb6 h3 45. Kxa5 Kf4 0-1

[Event "Late-Titled-Tuesday-Blitz-January-16-2024"]
[Site "Chess.com"]
[Date "2024.01.16"]
[Round "6"]
[White "GlavkonVVS"]
[Black "varunkrishnanchess"]
[Result "1-0"]
[WhiteElo "2473"]
[BlackElo "2628"]
[TimeControl "180+1"]
[EndTime "15:04:09 PST"]
[Termination "GlavkonVVS won on time"]

1. c4 a6 2. e3 c5 3. Nf3 Nc6 4. d4 cxd4 5. exd4 Nf6 6. Nc3 d5 7. h3 e6 8. a3 Bd6 9. c5 Bc7 10. b4 O-O 11. Be2 e5 12. O-O e4 13. Ne1 Be6 14. Nc2 Qd7 15. f4 exf3 16. Bxf3 Ne7 17.
Bg5 Ne8 18. Qd2 f6 19. Bf4 Bxf4 20. Qxf4 Nc7 21. Rfe1 Rfe8 22. a4 Ng6 23. Qg3 Bf5 24. Ne3 Be4 25. Bxe4 dxe4 26. d5 Re5 27. d6 Ne6 28.
Ncd5 Rf8 29. Red1 Kh8 30. Nb6 Qd8 31. d7 Rg5 32. Qd6 Ngf4 33. Kh2 f5 34. Rf1 Rg6 35. Rxf4 Qg5 36. Qxf8+ Nxf8 37. Rxf5 Qg3+ 38. Kh1 Nxd7 39. Nxd7 h5 40. Ne5 Rf6 41. Rxh5+ Kg8 42. N5g4 Rf7 43. Rg5 Qf4 44. Rd5 1-0

[Event "Late-Titled-Tuesday-Blitz-January-16-2024"]
[Site "Chess.com"]
[Date "2024.01.16"]
[Round "6"]
[White "Filipets"]
[Black "GoltsevDmitry2000"]
[Result "0-1"]
[WhiteElo "2565"]
[BlackElo "2741"]
[TimeControl "180+1"]
[EndTime "15:04:10 PST"]
[Termination "GoltsevDmitry2000 won by resignation"]

1. c4 d5 2. cxd5 Qxd5 3. Nc3 Qd8 4. d4 Nf6 5. e4 e6 6. Be3 Nc6 7. Bb5 a6 8. Bxc6+ bxc6 9. Nf3 Be7 10. O-O O-O 11. Rc1 a5 12. Qd2 Bb4 13. Qc2 Ba6 14. Rfd1 h6 15. e5 Nd5 16. Nxd5 cxd5 17. Qxc7 Be2 18. Qc2 Bxd1 19. Qxd1 Rc8 20. Rb1 Qc7 21. a3 Be7 22. Ne1 Qb7 23. Nd3 Rc4 24. Qg4 Kh8 25. Rd1 Qb3 26. h4 Kh7 27. Kh2 Qc2 28.
Rd2 Qb3 29. Nf4 Rc2 30. Nh5 Rg8 31. Qf4 Rxd2 32. Bxd2 Qd3 33. Qxf7 Bxh4 34. Bxa5 Qg6 35. Qf3 Bg5 36. Bb4 Rc8 37. Bc5 Rc7 38. a4 Rf7 39. Qg4 Rxf2 40. b4 Bf4+ 41. Qxf4 Qxh5+ 42. Kg3 Rxf4 43.
Kxf4 Qf5+ 44. Ke3 Qc2 45. a5 Qxg2 46. a6 Qe4+ 47. Kd2 Qf4+ 48. Kc3 Qe3+ 49. Kb2 Qe2+ 0-1

[Event "Late-Titled-Tuesday-Blitz-January-16-2024"]
[Site "Chess.com"]
[Date "2024.01.16"]
[Round "6"]
[White "NoHeThTo"]
[Black "tactic"]
[Result "1-0"]
[WhiteElo "2712"]
[BlackElo "2539"]
[TimeControl "180+1"]
[EndTime "15:04:10 PST"]
[Termination "NoHeThTo won by resignation"]

1. d4 e6 2. Nc3 d5 3. Bf4 c5 4.
e4 dxe4 5. d5 a6 6. dxe6 Qxd1+ 7. Rxd1 Bxe6 8. Nxe4 Nd7 9. Nf3 Ngf6 10. Neg5 O-O-O 11. Nxe6 Re8 12. Ng5 h6 13. Nxf7 Rxe6+ 14. Be2 Rg8 15. Nd6+ Kc7 16. Ne8+ Kb6 17. Nxf6 Nxf6 18.
Kf1 g5 19. Bc4 gxf4 20. Bxe6 Rg5 21. h4 Re5 22. Bc4 Ne4 23. Rh3 Nd6 24. Rb3+ Kc7 25. Bd5 b5 26. Rf3 Rf5 27. g4 Rf6 28. Re1 Kd7 29.
g5 hxg5 30. hxg5 Rg6 31. Rxf4 Be7 32. Rg4 Bd8 33. f4 Nf5 34. Be4 Nh6 35. Rg1 Rd6 36. gxh6 Rxh6 37. Bf5+ Kc7 38. Rg7+ Kb8 39. Re8 Rd6 40. Rd7 Rxd7 41. Bxd7 Kc7 42. Bg4 Bf6 43. f5 Bxb2 44. Re6 a5 45. f6 a4 46. f7 Bg7 47. Re8 b4 48. f8=Q Bxf8 49. Rxf8 Kb6 50.
Rb8+ Kc6 51. Bf3+ Kd6 52. Rb6+ Ke5 53. Ke2 Kd4 54. Kd2 a3 55. Be2 Kd5 56. Rh6 Kd4 57.
Rh4+ Kd5 58. Rc4 Kc6 59. Ke3 Kb6 60. c3 b3 61. axb3 a2 62. Ra4 c4 63. Bxc4 Kc5 64.
Ra6 a1=N 65. Rxa1 Kb6 66. Kd4 Kc6 67. Ra6+ Kb7 68. Rh6 1-0

[Event "Late-Titled-Tuesday-Blitz-January-16-2024"]
[Site "Chess.com"]
[Date "2024.01.16"]
[Round "6"]
[White "Rud_Makarian"]
[Black "AntonSmirnov"]
[Result "0-1"]
[WhiteElo "3049"]
[BlackElo "2957"]
[TimeControl "180+1"]
[EndTime "15:04:12 PST"]
[Termination "AntonSmirnov won on time"]

1. c4 c6 2. d4 d5 3. Nf3 Nf6 4.
Nc3 dxc4 5. g3 b5 6. Bg2 e6 7.
Ne5 Qb6 8. O-O Bb7 9. b3 Nbd7 10. bxc4 Nxe5 11. dxe5 Nd7 12. Be3 Qa6 13. cxb5 cxb5 14. Nxb5 Qxb5 15. Rb1 Bb4 16. a4 Qa6 17. Rxb4 Bxg2 18.
Kxg2 Qc6+ 19. f3 O-O 20. Qd6 Qc3 21. Bd4 Qc8 22. Rbb1 Nb6 23. a5 Nc4 24. Qb4 Rd8 25. Rfd1 Qa6 26. Bxa7 Rxd1 27. Rxd1 Ne3+ 28. Bxe3 Qxe2+ 29. Bf2 Qxd1 30. a6 Qd5 31. a7 Qxe5 32. Qb7 Qd5 33.
Qb8+ Qd8 34. Qb7 Qc8 35. Qb6 h5 36. h4 Qd8 37. Qb7 Qd5 38. Qb8+ Kh7 39. Qc7 e5 40.
Qc2+ g6 41. Qc7 e4 42. fxe4 Qxe4+ 43. Kh2 Qf3 44. Kg1 Re8 45. Qb8 Re2 46. Qb6 Ra2 47. Qd4 Rc2 0-1

[Event "Late-Titled-Tuesday-Blitz-January-16-2024"]
[Site "Chess.com"]
[Date "2024.01.16"]
[Round "6"]
[White "HajiyevKanan"]
[Black "orestn"]
[Result "0-1"]
[WhiteElo "2564"]
[BlackElo "2449"]
[TimeControl "180+1"]
[EndTime "15:04:12 PST"]
[Termination "orestn won by checkmate"]

1. d4 d5 2. c4 e6 3. cxd5 exd5 4. Nc3 c5 5. Nf3 Nc6 6. Bg5 f6 7. Bf4 g5 8. Be3 g4 9. Nh4 f5 10. g3 Bg7 11. Bf4 cxd4 12. Nb1 Nge7 13. Bg2 Ng6 14. Nxg6 hxg6 15. O-O O-O 16. Na3 a6 17. Qd2 Be6 18.
Rac1 Rc8 19. Rfd1 Re8 20. Nc2 Qb6 21. Ne1 Bf7 22. Nd3 Na5 23. b3 Nc6 24. Rc5 Bf8 25.
Rxd5 Bxd5 26. Bxd5+ Kg7 27. Bh6+ Kh7 28. Bxf8 Rxf8 29.
Qg5 Qd8 30. Qxd8 Rfxd8 31. Bg2 a5 32. Nf4 Nb4 33. Bxb7 Rc2 34. a3 Na2 35. Kf1 Nc3 36. Re1 Rb2 37. b4 a4 38. b5 Rxb5 39. Ba6 Rb3 40. Ra1 Rb1+ 41. Rxb1 Nxb1 42. Bb5 Ra8 43. Ne6 Nxa3 44. Bc6 Ra5 45. Nxd4 Nc4 46. Nc2 a3 47. Ke1 a2 48. Bd7 a1=Q+ 49. Nxa1 Rxa1# 0-1